 Dungeon Crawl Stone Soup version 0.29-a0-886-gfb1a3fa8b1 (webtiles) character file.

Game seed: 5638670203828789473

100 RepoMan the Shooter (level 4, 0/36 HPs)
             Began as a Deep Elf Arcane Marksman on July 21, 2022.
             Slain by an orc wizard
             ... wielding a staff of earth
              (5 damage)
             ... on level 2 of the Dungeon.
             The game lasted 00:13:30 (2839 turns).

RepoMan the Shooter (Deep Elf Arcane Marksman)      Turns: 2839, Time: 00:13:31

Health: 0/36       AC:  2    Str:  7    XL:     4   Next: 47%
Magic:  8/8        EV: 17    Int: 18    God:
Gold:   185        SH:  0    Dex: 17    Spells: 5/6 levels left

rFire   + . .      SeeInvis .   (no weapon)
rCold   . . .      Faith    .   (no shield)
rNeg    . . .      Spirit   .   c - +0 robe
rPois   .          Reflect  .   (no helmet)
rElec   .          Harm     .   (no cloak)
rCorr   .          Rampage  .   (no gloves)
Will    .....                   (no boots)
Stlth   ..........              (no amulet)
HPRegen 0.12/turn               j - +4 ring of evasion
MPRegen 0.11/turn               l - ring of protection from fire

@: berserking (expiring), very quick
A: no striking features
a: no special abilities


You were on level 2 of the Dungeon.
You visited 1 branch of the dungeon, and saw 3 of its levels.

You collected 185 gold pieces.

Inventory:

Hand Weapons
 y - a +0 sling
Armour
 c - a +0 robe (worn)
Jewellery
 j - a +4 ring of evasion (left hand)
 l - a ring of protection from fire (right hand)
 n - a ring of wizardry
Scrolls
 b - 2 scrolls of vulnerability
 i - 2 scrolls of immolation
Potions
 a - a potion of haste


   Skills:
 - Level 0.7 Fighting
 * Level 6.3 Ranged Weapons
 - Level 2.4 Dodging
 - Level 1.5 Spellcasting
 - Level 4.0 Hexes


You had 5 spell levels left.
You knew the following spells:

 Your Spells              Type           Power      Damage    Failure   Level
w - Slow                  Hex            60%        N/A       3%          1

Your spell library contained the following spells:

 Spells                   Type           Power      Damage    Failure   Level
 Confusing Touch          Hex            15%        N/A       11%         3
 Dazzling Flash           Conj/Hex       16%        N/A       26%         3
 Inner Flame              Hex/Fire       8%         N/A       26%         3
 Portal Projectile        Hex/Tloc       16%        N/A       26%         3
 Cause Fear               Hex            7%         N/A       36%         4
 Ozocubu's Armour         Ice            1%         N/A       50%         3
 Silence                  Hex/Air        4%         N/A       93%         5
 Yara's Violent Unravell  Hex/Tmut       4%         3d4       93%         5
 Agony                    Necr           1%         N/A       99%         5
 Enfeeble                 Hex            7%         N/A       100%        7
 Ozocubu's Refrigeration  Ice            0%         4d5       100%        7


Dungeon Overview and Level Annotations

Branches:
Dungeon (3/15)

Altars:
Fedhas
Zin


Message History

There is a stone staircase leading up here.
Something barely misses you.
You climb upwards.
Reactivating autopickup.
There is a stone staircase leading down here.
Something hits you but does no damage.
Deactivating autopickup; reactivate with Ctrl-A.
As you read the scroll of identify, it crumbles to dust.
i - 2 scrolls of immolation You hear some strange, mumbled words.
A magic dart appears from out of thin air!
The magic dart hits you.
* * * LOW HITPOINT WARNING * * *
Okay, then.
Really read the scroll of poison?
You can't even see any enemies this would affect.
The air fills with toxic fumes!
As you read the scroll of poison, it crumbles to dust.
Something hits you but does no damage.
Okay, then.
As you read the scroll of identify, it crumbles to dust.
k - a potion of berserk rage Something barely misses you.
You are now empty-handed.
Something hits you.
* * * LOW HITPOINT WARNING * * *
Something shatters you.
* * * LOW HITPOINT WARNING * * *
Unknown command.
You feel better. Something hits you.
* * * LOW HITPOINT WARNING * * *
A red film seems to cover your vision as you go berserk!
You feel yourself moving faster!
You feel mighty! Something hits you.
* * * LOW HITPOINT WARNING * * *
You barely miss something. You hit something. Something hits you.
* * * LOW HITPOINT WARNING * * *
You miss something. Something hits you.
* * * LOW HITPOINT WARNING * * *
You closely miss something. You closely miss something. Something hits you.
You die...

###############
##§§§§§§§☼§○...#
##§§§§§☼§§§§§...#
#☼§☼☼§§§§§§§§...#
#§§§§§§§§§☼§§...#
#§§§§@○§☼§☼##...##
#§§☼§{§☼§○§####..#
#§○§§§§§☼§§#
##.####
##☼§§§○§○§##
#....##
##§☼§§☼§§§##
####...
#§§§○§○☼§§§# ####
#§§§§☼§☼§§§# #
#§§§☼§§§○§§#
#..........#


There were no monsters in sight!

Vanquished Creatures
  3 adders
  A dart slug (D:1)
  An orc (D:3)
  4 ball pythons
  4 bats
  5 endoplasms
  3 giant cockroaches
  9 goblins
  8 hobgoblins
  5 jackals
  2 quokkas
  4 frilled lizards
  9 kobolds
  7 rats
65 creatures vanquished.

Notes
Turn   | Place    | Note
-------+----------+-------------------------------------------
     0 | D:1      | RepoMan the Deep Elf Arcane Marksman began the quest for
                  | the Orb.
     0 | D:1      | Reached XP level 1. HP: 11/11 MP: 5/5
    30 | D:1      | Reached skill level 3 in Ranged Weapons
   331 | D:1      | Reached XP level 2. HP: 10/16 MP: 6/6
   586 | D:1      | Reached skill level 4 in Ranged Weapons
  1209 | D:2      | Reached XP level 3. HP: 20/20 MP: 7/7
  1241 | D:2      | Found a faded altar of an unknown god.
  1324 | D:1      | Reached skill level 5 in Ranged Weapons
  2143 | D:2      | Reached XP level 4. HP: 24/24 MP: 5/8
  2290 | D:2      | Reached skill level 6 in Ranged Weapons
  2353 | D:2      | Found a glowing silver altar of Zin.
  2382 | D:3      | Found a blossoming altar of Fedhas.
  2832 | D:2      | HP: 1/24 [something (2)]
  2839 | D:2      | Slain by an orc wizard

Illustrated notes

Levels and vault maps discovered:
D:1:      scummos_arrival_simple_crosswalls, layout_loops_cross
D:2:      layout_rooms, basic_altar, hellmonk_ecumenical_altar_lost_god,
          minmay_increasing_density
D:3:      minmay_roachtagon, layout_rooms, mainiacjoe_overflow_brackets

Skill      XL: |  1  2  3  4 |
---------------+-------------+-----
Ranged Weapons | 3 4 5 6 |  6.3
Fighting       | |  0.7
Dodging        | |  2.4
Spellcasting   | |  1.5
Hexes          | |  4.0

Action                   |  1- 3 |  4- 6 || total
-------------------------+-------+-------++-------
Melee: Unarmed           |       |     5 ||     5
 Fire: Sling             |   161 |    82 ||   243
 Cast: Slow              |    33 |     6 ||    39
Evoke: Wand              |       |     2 ||     2
  Use: Scroll            |     3 |     7 ||    10
       Potion            |       |     2 ||     2
Armor: Robe              |    10 |     4 ||    14
Dodge: Dodged            |    41 |    39 ||    80

Table legend: (Time is in decaauts)
 A = Elapsed time spent in this place.
 B = Non-inter-level travel time spent in this place.
 C = Inter-level travel time spent in this place.
 D = Time resting spent in this place.
 E = Time spent auto-exploring this place.
 F = Levels seen in this place.
 G = Mean time per level.
                   A        B        C        D        E       F      G
               +--------+--------+--------+--------+--------+-----+--------+
         Total |   2874 |   2796 |     78 |    927 |   1037 |   3 |  958.0 |
       Dungeon |   2874 |   2796 |     78 |    927 |   1037 |   3 |  958.0 |
               +--------+--------+--------+--------+--------+-----+--------+

Top non-repeatable levels by time:
     D:1: 1515 daAuts
     D:2: 1057 daAuts
     D:3: 301 daAuts
